 Dungeon Crawl Stone Soup version 0.23-a0-389-g4a5eb334b0 (webtiles) character file.

7 PikkenKukken the Grasshopper (level 1, -1/10 HPs)
             Began as a Spriggan Warper on Oct 30, 2018.
             Slain by a kobold
             ... wielding a +2 short sword of venom
              (4 damage)
             ... on level 1 of the Dungeon.
             The game lasted 00:01:20 (233 turns).

PikkenKukken the Grasshopper (Spriggan Warper)       Turns: 233, Time: 00:01:21

Health: -1/10      AC:  2    Str:  7    XL:     1   Next: 91%
Magic:  5/5        EV: 19    Int: 14    God:
Gold:   15         SH:  0    Dex: 15    Spells: 5/5 levels left

rFire    . . .     SeeInvis +   b - -3 hunting sling (curse)
rCold    . . .     Gourm    .   (shield restricted)
rNeg     . . .     Faith    .   g - +0 robe
rPois    .         Spirit   .   (helmet restricted)
rElec    .         Reflect  .   (no cloak)
rCorr    .         Harm     .   (gloves unavailable)
MR       .....                  (boots unavailable)
Stlth    ++........             (no amulet)
HPRegen  0.03/turn              (no ring)
MPRegen  0.09/turn              (no ring)

@: very quick
A: very small, unfitting armour, see invisible, herbivore, speed 3, slow
metabolism 2
a: no special abilities


You were on level 1 of the Dungeon.
You were not hungry.

You visited 1 branch of the dungeon, and saw 1 of its levels.

You collected 15 gold pieces.

Inventory:

Hand Weapons
 a - a +0 short sword
 b - a cursed -3 hunting sling (weapon)
Missiles
 e - 5 tomahawks of dispersal (quivered)
Armour
 g - a +0 robe (worn)
Scrolls
 d - a scroll of blinking
Comestibles
 f - a ration


   Skills:
 - Level 1.5 Fighting
 + Level 2.3 Short Blades
 + Level 1.2 Throwing
 + Level 3.7 Dodging
 + Level 1.0 Stealth
 + Level 2.8 Spellcasting
   Level 4.4 Translocations


You had 5 spell levels left.
You didn't know any spells.
Your spell library contained the following spells:

 Spells                   Type           Power        Failure   Level  Hunger
 Blink                    Tloc           N/A          5%          2    ##.....
 Gell's Gravitas          Tloc           ##........   11%         3    ###....
 Lesser Beckoning         Tloc           ##........   11%         3    ###....
 Teleport Other           Tloc           ##......     11%         3    ###....
 Shroud of Golubria       Chrm/Tloc      #.........   13%         2    ##.....
 Passage of Golubria      Tloc           N/A          34%         4    #####..


Dungeon Overview and Level Annotations

Branches:
Dungeon (1/15)

Altars:


Innate Abilities, Weirdness & Mutations

You are very small and have problems with some larger weapons.
You are too small for most types of armour.
You have supernaturally acute eyesight. (SInv)
You are a herbivore.
You cover ground extremely quickly.
You need to consume almost no food.


Message History

You are too injured to fight recklessly!
You are too injured to fight recklessly!
You are too injured to fight recklessly!
You are too injured to fight recklessly!
You are too injured to fight recklessly!
You are too injured to fight recklessly!
You are too injured to fight recklessly!
You are too injured to fight recklessly!
You are too injured to fight recklessly!
You are too injured to fight recklessly!
You are too injured to fight recklessly!
You are too injured to fight recklessly!
You clumsily bash the kobold but do no damage.
The bat closely misses you. The bat misses you. The bat barely misses you.
The kobold misses you.
You clumsily bash the kobold but do no damage.
The bat misses you. The bat hits you.
* * * LOW HITPOINT WARNING * * *
The kobold hits you with a +2 short sword of venom.
You die...

#.##............#
#.##.#####.####.# .....#
#)# #.# .....# #.# #.#
#.##.# #.# #†# #.##.# #.#
#.########## #.##.#####.#
#..........#
........%#.####.......##.#
#.##.##........K@b....##.#
#.....K.........####..##.#
..?.....######..#
#..##.#### ####.##.# #..#
#..##....# ...##.# #..#
#..#####.# ######.# #..#
#..# #.# #g# #..# #..# #.#
#.. ...# #..# #.# #.#


You could see a bat and a kobold.

Vanquished Creatures
  A dart slug (D:1)
  A bat (D:1)
  2 hobgoblins (D:1)
  A rat (D:1)
5 creatures vanquished.

Notes
Turn   | Place    | Note
-------+----------+-------------------------------------------
     0 | D:1      | PikkenKukken the Spriggan Warper began the quest for the
                  | Orb.
     0 | D:1      | Reached XP level 1. HP: 10/10 MP: 5/5
   195 | D:1      | Reached skill level 1 in Stealth
   233 | D:1      | Slain by a kobold

Vault maps used:
D:1:      dpeg_arrival_lava_altar, hangedman_feature_mirror,
          chequers_serial_rivers_micro_b

Skill      XL: |  1 |
---------------+----+-----
Stealth        | 1 |  1.0
Fighting       | |  1.5
Short Blades   | |  2.3
Throwing       | |  1.2
Dodging        | |  3.7
Spellcasting   | |  2.8
Translocations | |  4.4

Action                   || total
-------------------------++-------
Melee: Short sword       ||    29
       Hunting sling     ||     5
  Use: Scroll            ||     1
 Stab: Sleeping          ||     1
Armor: Robe              ||     4
Dodge: Dodged            ||    45

Table legend:
 A = Non-vault XP
 B = Vault XP
 C = Vault XP percentage of total XP
 D = Non-vault monster count
 E = Vault monster count
 F = Vault count percentage of total count
                 A         B        C        D         E       F
            +---------+---------+-------+---------+---------+-------
      Total |      11 |       0 |   0.0 |       5 |       0 |   0.0
            +---------+---------+-------+---------+---------+-------
        D:1 |      11 |       0 |   0.0 |       5 |       0 |   0.0
            +---------+---------+-------+---------+---------+-------
